[Event "*** SCC Grand Prix: Titled Tuesday Blitz"]
[Site "Chess.com"]
[Date "2020.08.04"]
[Round "7"]
[White "StoreySniper"]
[Black "DishonorOnYourCow"]
[Result "1/2-1/2"]
[WhiteElo "2439"]
[BlackElo "2282"]
[TimeControl "180+1"]
[EndTime "15:04:00 PDT"]
[Termination "Game drawn by stalemate"]

1. e4 c5 2. Nf3 d6 3. d4 cxd4 4. Nxd4 Nf6 5. Nc3 a6 6. h3 e5 7. Nde2 h5 8. g3 Be6 9. Bg2 Be7 10. a4 Nc6 11. O-O Rc8 12. Nd5 h4 13. g4 Nxg4 14. hxg4 Bxg4 15. f3 Be6 16. Kh2 h3 17. Bh1 Bh4 18.
Be3 f5 19. Rg1 f4 20. Bb6 Qd7 21. Qf1 Bxd5 22. exd5 Nb4 23. c3 Nxd5 24. Bf2 Bf6 25.
Rg4 Qf5 26. Qe1 g5 27. Nd4 Qg6 28. Qe4 Qxe4 29. fxe4 Ne7 30. Ne6 Rc4 31. Nxg5 Rg8 32. Rag1 Rxa4 33. Nh7 Rxg4 34. Nxf6+ Kd8 35. Nxg4 Ra2 36.
Rb1 a5 37. Kxh3 a4 38. Bh4 Kd7 39. Bxe7 Kxe7 40. Bf3 b5 41. Nh6 Kd7 42. Nf5 Ke6 43. Be2 d5 44. Bxb5 a3 45. bxa3 Rxa3 46. Ng7+ Kf7 47.
Nh5 Rxc3+ 48. Kg4 dxe4 49. Ba4 Ke6 50. Bb3+ Kd6 51. Bf7 e3 52. Kf3 Kc5 53. Nf6 Kd4 54.
Rd1+ Rd3 55. Rxd3+ Kxd3 56. Bh5 e2 57. Kf2 e4 58.
Bxe2+ Kd4 59. Bg4 Ke5 60. Nh5 Kd4 61. Bd1 Kd3 62. Nxf4+ Kd2 63. Be2 e3+ 64. Kf3 Ke1 65.
Ng2+ Kd2 66. Nxe3 Kc3 67. Ng4 Kd4 68. Bf1 Kc5 69. Ke3 Kb4 70. Kd4 Kb3 71. Ne3 Kb2 72.
Bd3 Kb3 73. Nc2 Kb2 74. Nb4 Ka1 75. Nd5 Kb2 76. Kc4 Ka1 77. Kc3 Ka2 78. Nb4+ Ka1 79. Nc2+ Ka2 80. Bc4+ Kb1 81. Bd5 Kc1 82. Ba2 Kd1 83.
Nd4 Ke1 84. Kd3 Kf2 85. Ke4 Kg3 86. Nf3 Kg4 87. Be6+ Kh5 88. Kf5 Kh6 89. Kf6 Kh7 90. Ng5+ Kh8 91. Nf7+ Kh7 92. Bf5+ Kg8 93. Bg6 Kf8 94. Bh7 Ke8 95. Ne5 Kd8 96. Ke6 Kc7 97. Nd7 Kc6 98. Bd3 Kc7 99. Bb5 Kd8 100. Kd6 Ke8 101. Ne5+ Kf8 102. Ke6 Kg7 103. Be2 Kh6 104. Kf5 Kg7 105. Nd7 Kh8 106. Kg6 Kg8 107. Bc4+ Kh8 108. Bd3 Kg8 109. Bf5 Kh8 110. Ne5 Kg8 111. Ng4 Kh8 112. Be4 Kg8 113. Bd5+ Kh8 114. Nh6 1/2-1/2

[Event "*** SCC Grand Prix: Titled Tuesday Blitz"]
[Site "Chess.com"]
[Date "2020.08.04"]
[Round "7"]
[White "GigaQuparadze"]
[Black "1977Ivan"]
[Result "1-0"]
[WhiteElo "2926"]
[BlackElo "2687"]
[TimeControl "180+1"]
[EndTime "15:04:11 PDT"]
[Termination "GigaQuparadze won by checkmate"]

1. e4 c5 2. Nf3 e6 3. d4 cxd4 4. Nxd4 Nc6 5. Nc3 Qc7 6. g3 a6 7. Bg2 Nf6 8. O-O Nxd4 9. Qxd4 Bc5 10. Bf4 d6 11. Qd3 h6 12. Na4 e5 13. Bd2 Bd4 14. c3 Ba7 15. c4 Be6 16. b3 O-O 17.
Rac1 Rac8 18. Be3 Bxe3 19. Qxe3 Qb8 20. c5 Rfd8 21. Rfd1 Ng4 22. Qe2 dxc5 23. Rxd8+ Rxd8 24. h3 Nf6 25. Nxc5 Bc8 26. Qe3 Qd6 27. Bf1 b6 28. Na4 Bb7 29. Bg2 Qd2 30. Re1 Qxe3 31. Rxe3 Rd1+ 32.
Kh2 Rd2 33. Kg1 Nd7 34. a3 b5 35. Nc3 Nc5 36. Nd5 Nd3 37. Nb4 Nxf2 38. Kf1 Nd1 39. Re2 Rd4 40. Ke1 Nc3 41. Re3 Rd1+ 42. Kf2 Rd2+ 43.
Kf1 Nd1 44. Re2 Rxe2 45. Kxe2 Nc3+ 46. Kd3 Nb1 47. Nc2 a5 48. b4 axb4 49. axb4 Bc8 50. Ne3 Be6 51. Bf1 Na3 52. Kc3 Kf8 53. Nd5 Bxd5 54. exd5 Ke7 55. Kb3 Nb1 56. Kc2 Na3+ 57. Kb2 Nc4+ 58. Bxc4 bxc4 59. Kc3 Kd6 60. Kxc4 f5 61.
b5 f4 62. gxf4 exf4 63. b6 g5 64. Kd3 h5 65. Ke4 Kd7 66. Kf3 Kd6 67. h4 g4+ 68.
Kxf4 Kd7 69. Ke3 Kd6 70. Kd4 Kd7 71. Ke5 Kc8 72. Ke6 g3 73. d6 g2 74. d7+ Kb7 75.
d8=Q g1=Q 76. Qc7+ Ka6 77. b7 Qe3+ 78. Kf6 Qf3+ 79.
Kg6 Qg4+ 80. Kh6 Qe6+ 81. Kxh5 Qf5+ 82. Kh6 Qf6+ 83. Kh5 Qf5+ 84. Kh6 Qf6+ 85. Kh7 Qf5+ 86. Kg7 Qg4+ 87. Kf7 Qf5+ 88. Ke8 Qe4+ 89. Qe7 Qg6+ 90. Kd8 Qg8+ 91. Kc7 Qg3+ 92. Kd8 Qb8+ 93. Kd7 Qxb7+ 94. Ke6 Qe4+ 95. Kf7 Qf4+ 96. Qf6+ Qxf6+ 97. Kxf6 Kb7 98. h5 Kc7 99. h6 Kd8 100. h7 Ke8 101. h8=Q+ Kd7 102. Qh7+ Kc6 103. Qf5 Kd6 104. Qe6+ Kc7 105. Ke5 Kb8 106. Qd5 Kc7 107. Kd4 Kc8 108. Qc4+ Kd7 109. Qa6 Ke7 110. Ke5 Kf7 111. Qf6+ Ke8 112. Qg7 Kd8 113. Kd6 Kc8 114. Qc7# 1-0

[Event "*** SCC Grand Prix: Titled Tuesday Blitz"]
[Site "Chess.com"]
[Date "2020.08.04"]
[Round "8"]
[White "Manukyan_Artak"]
[Black "KyrgyzFighter"]
[Result "1-0"]
[WhiteElo "2444"]
[BlackElo "2312"]
[TimeControl "180+1"]
[EndTime "15:13:21 PDT"]
[Termination "Manukyan_Artak won by resignation"]

1. e4 d6 2. d4 e5 3. dxe5 dxe5 4.
Qxd8+ Kxd8 5. Nf3 Nc6 6. Bb5 Nf6 7. Bxc6 bxc6 8. Nxe5 Be6 9. Nxc6+ Ke8 10. f3 Bc5 11. Ne5 Rb8 12. Nd3 Be7 13. Bf4 Rb7 14. Nd2 c5 15. b3 Kd7 16. Nc4 Bxc4 17. Ne5+ Ke6 18. Nxc4 Rd8 19. Rd1 Rbd7 20. Ke2 Rd4 21. Be3 1-0

[Event "*** SCC Grand Prix: Titled Tuesday Blitz"]
[Site "Chess.com"]
[Date "2020.08.04"]
[Round "8"]
[White "DishonorOnYourCow"]
[Black "AGW2016"]
[Result "0-1"]
[WhiteElo "2277"]
[BlackElo "2438"]
[TimeControl "180+1"]
[EndTime "15:13:22 PDT"]
[Termination "AGW2016 won by resignation"]

1. d4 Nf6 2. c4 g6 3. Nc3 Bg7 4. e4 d6 5. f4 O-O 6. Nf3 c5 7. d5 e6 8. dxe6 Bxe6 9. Bd3 Nc6 10. f5 Bd7 11. O-O Nd4 12. Nxd4 cxd4 13. Bg5 dxc3 14. bxc3 h6 15. Bf4 Bc6 16. fxg6 fxg6 17. Bc2 Nxe4 18. Qg4 Qb6+ 19. Kh1 Nf2+ 20. Rxf2 Qxf2 21. Qe6+ Rf7 22. Rg1 Qxc2 0-1

[Event "*** SCC Grand Prix: Titled Tuesday Blitz"]
[Site "Chess.com"]
[Date "2020.08.04"]
[Round "8"]
[White "CraiggoryC"]
[Black "chalowey97"]
[Result "1-0"]
[WhiteElo "2188"]
[BlackElo "2131"]
[TimeControl "180+1"]
[EndTime "15:13:23 PDT"]
[Termination "CraiggoryC won by resignation"]

1. e4 e6 2. d4 d5 3. e5 c5 4. c3 Nc6 5. Nf3 Qb6 6. a3 cxd4 7. cxd4 Bd7 8. Nc3 Nh6 9. Na4 Qd8 10. Bxh6 gxh6 11.
Rc1 Bg7 12. Nc5 b6 13. Nb7 Qe7 14. Nd6+ Kf8 15. Bb5 Nb8 16. Qa4 Bxb5 17. Rc8+ 1-0

[Event "*** SCC Grand Prix: Titled Tuesday Blitz"]
[Site "Chess.com"]
[Date "2020.08.04"]
[Round "8"]
[White "1f3_2g41-0"]
[Black "tan275"]
[Result "1-0"]
[WhiteElo "2430"]
[BlackElo "2249"]
[TimeControl "180+1"]
[EndTime "15:13:41 PDT"]
[Termination "1f3_2g41-0 won by resignation"]

1. e4 c6 2. d4 d5 3. e5 Bf5 4. h4 h5 5. Bg5 Qb6 6. Bd3 Qxd4 7. Nf3 Qg4 8. O-O Bxd3 9. Qxd3 e6 10. Nbd2 Be7 11.
Rad1 Bxg5 12. Nxg5 Qxh4 13. Nde4 Ne7 14. g3 Qg4 15. f3 Qxg5 16. Nxg5 Nf5 17. g4 hxg4 18. fxg4 Nh4 19. Rxf7 Nd7 20. Qa3 O-O-O 21. Nxe6 Rde8 22.
Qd6 Rxe6 23. Qxd7+ 1-0

[Event "*** SCC Grand Prix: Titled Tuesday Blitz"]
[Site "Chess.com"]
[Date "2020.08.04"]
[Round "8"]
[White "bratkoo"]
[Black "afgano29"]
[Result "1-0"]
[WhiteElo "2519"]
[BlackElo "2632"]
[TimeControl "180+1"]
[EndTime "15:13:49 PDT"]
[Termination "bratkoo won by resignation"]

1. e4 e6 2. d4 d5 3. Nc3 Bb4 4. e5 b6 5. Qg4 Bf8 6. Nf3 Ba6 7. Bxa6 Nxa6 8. O-O Ne7 9. Bg5 Qd7 10. Bxe7 Qxe7 11. Nb5 Qd7 12. a4 c6 13. Nd6+ Bxd6 14. Qxg7 O-O-O 15. exd6 Rdg8 16. Qf6 Rg6 17. Qf4 f6 18. Rfe1 Rd8 19.
Nh4 e5 20. dxe5 fxe5 21. Qxe5 Rxd6 22. Nf5 Nb4 23. c3 Nc2 24. Nxd6+ Qxd6 25. Qf5+ 1-0

[Event "*** SCC Grand Prix: Titled Tuesday Blitz"]
[Site "Chess.com"]
[Date "2020.08.04"]
[Round "8"]
[White "coocloo"]
[Black "chessvr"]
[Result "1-0"]
[WhiteElo "1997"]
[BlackElo "2085"]
[TimeControl "180+1"]
[EndTime "15:14:01 PDT"]
[Termination "coocloo won by resignation"]

1. e4 d5 2. exd5 Nf6 3. c4 e6 4.
d4 exd5 5. c5 Be7 6. Nf3 O-O 7.
Bd3 h6 8. h3 Re8 9. O-O Ne4 10.
Bf4 Bf5 11. Nc3 c6 12. Re1 Bg5 13. Bxg5 hxg5 14. Qc2 Qe7 15. Nd2 Qf6 16. Ndxe4 dxe4 17. Bxe4 Bxe4 18. Rxe4 Nd7 19. Rae1 Rxe4 20. Qxe4 Nf8 21. Qe7 Qxd4 22. Qxb7 Qxc5 23. Qxa8 Qxf2+ 24. Kxf2 1-0

[Event "*** SCC Grand Prix: Titled Tuesday Blitz"]
[Site "Chess.com"]
[Date "2020.08.04"]
[Round "8"]
[White "alexrustemov"]
[Black "frederiksvane"]
[Result "1-0"]
[WhiteElo "2731"]
[BlackElo "2574"]
[TimeControl "180+1"]
[EndTime "15:14:04 PDT"]
[Termination "alexrustemov won by resignation"]

1. d4 Nf6 2. c4 e6 3. Nf3 d5 4. Nc3 Be7 5. Bg5 h6 6. Bh4 O-O 7. e3 Nbd7 8. Qc2 c5 9. cxd5 Nxd5 10. Bxe7 Qxe7 11. Nxd5 exd5 12. dxc5 Nxc5 13. Be2 Bg4 14.
O-O Rac8 15. Rac1 Rc7 16. Qd2 Rd8 17. Qb4 Ne6 18. Qxg4 1-0

[Event "*** SCC Grand Prix: Titled Tuesday Blitz"]
[Site "Chess.com"]
[Date "2020.08.04"]
[Round "8"]
[White "1977Ivan"]
[Black "ChainsOfFantasia"]
[Result "1-0"]
[WhiteElo "2691"]
[BlackElo "2502"]
[TimeControl "180+1"]
[EndTime "15:14:15 PDT"]
[Termination "1977Ivan won by checkmate"]

1. e4 e6 2. d4 d5 3. Nc3 Nf6 4. Bg5 dxe4 5. Nxe4 Be7 6. Bxf6 gxf6 7. Qd2 f5 8. Nc3 a6 9. O-O-O b5 10. Nf3 c5 11.
d5 b4 12. Na4 Bd7 13. dxe6 Bxa4 14. Qh6 Qc7 15. exf7+ Kxf7 16. Bc4+ Ke8 17. Rhe1 Nc6 18.
Qh5+ Kf8 19. Qf7# 1-0

[Event "*** SCC Grand Prix: Titled Tuesday Blitz"]
[Site "Chess.com"]
[Date "2020.08.04"]
[Round "8"]
[White "Roza_Idrisova"]
[Black "Tactictic"]
[Result "1-0"]
[WhiteElo "2250"]
[BlackElo "2361"]
[TimeControl "180+1"]
[EndTime "15:14:35 PDT"]
[Termination "Roza_Idrisova won by resignation"]

1. d4 Nf6 2. Nf3 d5 3. Bg5 e6 4. e3 Be7 5. Bd3 Nbd7 6. O-O h6 7. Bh4 O-O 8. Nbd2 b6 9. Ne5 Bb7 10. f4 c5 11. c3 Ne8 12. Bxe7 Qxe7 13. Rf3 Nd6 14.
Rg3 Nf6 15. Qe2 Nf5 16. Bxf5 exf5 17. Qd3 Ne4 18. Nxe4 fxe4 19. Qe2 Rfd8 20. Qg4 f6 21.
Ng6 Qd7 22. f5 a5 23. Nf4 Re8 24. Ne6 Re7 25. Rd1 c4 26. Rf1 Ra7 27. Qg6 Kh8 28. Rf4 Bc8 29. Rh4 Qe8 30. Rxh6+ gxh6 31. Qxh6+ Rh7 32.
Qxf6+ 1-0

[Event "*** SCC Grand Prix: Titled Tuesday Blitz"]
[Site "Chess.com"]
[Date "2020.08.04"]
[Round "8"]
[White "kleopl"]
[Black "BJthechessgod"]
[Result "1-0"]
[WhiteElo "2456"]
[BlackElo "2268"]
[TimeControl "180+1"]
[EndTime "15:14:53 PDT"]
[Termination "kleopl won by resignation"]

1. c4 Nf6 2. Nc3 e6 3. e4 d5 4. e5 Nfd7 5. d4 c6 6. Nf3 dxc4 7. Bxc4 Nb6 8. Bd3 Nd5 9. O-O Be7 10. Qe2 O-O 11.
Qe4 g6 12. Bh6 Re8 13. Qg4 Nd7 14. Bg5 Bxg5 15. Nxg5 h5 16. Qg3 Nf8 17. Nce4 Nh7 18. Nxh7 Kxh7 19. Ng5+ Kg7 20. Nxf7 Kxf7 21. Qxg6+ Kf8 22.
Qh6+ Kf7 23. Bg6+ 1-0

[Event "*** SCC Grand Prix: Titled Tuesday Blitz"]
[Site "Chess.com"]
[Date "2020.08.04"]
[Round "8"]
[White "Fandorine"]
[Black "mishikomchedlishvili"]
[Result "1-0"]
[WhiteElo "2898"]
[BlackElo "2761"]
[TimeControl "180+1"]
[EndTime "15:14:54 PDT"]
[Termination "Fandorine won by resignation"]

1. e4 c5 2. b3 Nf6 3. e5 Nd5 4. Bb2 g6 5. Qf3 Nb6 6. h4 Bg7 7. e6 f6 8. exd7+ Qxd7 9. Na3 Nc6 10. Bb5 Nd5 11. Ne2 a6 12. Bc4 Nc7 13. h5 b5 14. Bd3 g5 15. h6 Bf8 16. Qh5+ Kd8 17. Be4 e5 18. Qf3 1-0

[Event "*** SCC Grand Prix: Titled Tuesday Blitz"]
[Site "Chess.com"]
[Date "2020.08.04"]
[Round "8"]
[White "ChessSwole"]
[Black "BlackBoarder"]
[Result "0-1"]
[WhiteElo "2390"]
[BlackElo "2563"]
[TimeControl "180+1"]
[EndTime "15:15:21 PDT"]
[Termination "BlackBoarder won by resignation"]

1. d4 e6 2. e4 d5 3. Bd3 dxe4 4. Bxe4 Nf6 5. Bf3 Bd6 6. Ne2 O-O 7. Nbc3 Nbd7 8. Bg5 e5 9. O-O h6 10. Bh4 Re8 11. g3 g5 12. Bxg5 hxg5 13. Bg2 Nf8 14. Qc1 g4 15. Qg5+ Ng6 16. Rad1 e4 17. Nxe4 Nxe4 18.
Qxd8 Rxd8 19. Bxe4 f5 20. Bd5+ Kg7 21. c4 c6 22. Bg2 f4 23. f3 fxg3 24. hxg3 gxf3 25. Bxf3 Bh3 26. Rfe1 Rf8 27. Bg2 Bg4 28. Rd3 Rae8 29. Bf1 Bb4 30. Rb3 Bxe1 0-1

[Event "*** SCC Grand Prix: Titled Tuesday Blitz"]
[Site "Chess.com"]
[Date "2020.08.04"]
[Round "8"]
[White "Sn00pPawn"]
[Black "MasterKroket"]
[Result "0-1"]
[WhiteElo "1989"]
[BlackElo "2399"]
[TimeControl "180+1"]
[EndTime "15:15:26 PDT"]
[Termination "MasterKroket won by checkmate"]

1. e4 c5 2. Nf3 e6 3. Nc3 Nc6 4. Bb5 Qc7 5. O-O Nge7 6. Re1 a6 7. Bf1 Ng6 8. d4 cxd4 9. Nxd4 b5 10. Nxc6 Qxc6 11. Nd5 Bb7 12. c4 bxc4 13. Bd2 Bc5 14. Bxc4 O-O 15. Rc1 exd5 16. Bxd5 Qb6 17. Bxb7 Bxf2+ 18. Kh1 Bxe1 19. Bxa8 Bxd2 20. Qxd2 Rxa8 21. Qxd7 Qxb2 22.
Rc8+ Rxc8 23. Qxc8+ Nf8 24. h3 Qxa2 25. h4 Qb1+ 26.
Kh2 Qxe4 27. Qxa6 Qxh4+ 28. Kg1 Qd4+ 29. Kh2 h6 30. Qc8 Qd6+ 31. Kg1 Kh7 32. Qc2+ Ng6 33.
Qe4 Qe6 34. Qd3 f5 35. Kh2 Qe4 36. Qd7 Nf4 37. Qd2 Qxg2+ 38. Qxg2 Nxg2 39. Kxg2 g5 40. Kf3 Kg6 41. Kg3 Kf6 42. Kh3 Ke5 43. Kg3 Ke4 44. Kh3 Kf3 45. Kh2 Kf2 46. Kh3 f4 47. Kh2 f3 48.
Kh3 Kg1 49. Kg3 f2 50. Kg4 f1=Q 51. Kg3 Qf4+ 52. Kh3 Qh4# 0-1

[Event "*** SCC Grand Prix: Titled Tuesday Blitz"]
[Site "Chess.com"]
[Date "2020.08.04"]
[Round "8"]
[White "harkerchess"]
[Black "JMatias"]
[Result "0-1"]
[WhiteElo "2141"]
[BlackElo "2408"]
[TimeControl "180+1"]
[EndTime "15:15:34 PDT"]
[Termination "JMatias won by resignation"]

1. Nc3 g6 2. d4 d5 3. Bf4 Bg7 4. Qd2 c5 5. e3 cxd4 6. exd4 Nc6 7.
Nf3 Bg4 8. Ne5 Nxe5 9. Bxe5 Nf6 10. Bb5+ Bd7 11. Bxd7+ Qxd7 12. O-O-O O-O 13. Rhe1 b5 14.
Ne2 b4 15. Nf4 Ne4 16. Qe3 f6 17. f3 fxe5 18. dxe5 Bh6 19. g3 Ng5 20. Rxd5 Qc6 21.
Qb3 Ne6 22. Rc5 Qxc5 23. Qxe6+ Kh8 24. Kb1 Bxf4 25. gxf4 Rac8 26. Rc1 Rc7 27. h4 Rd8 28. h5 Qxc2+ 0-1

[Event "*** SCC Grand Prix: Titled Tuesday Blitz"]
[Site "Chess.com"]
[Date "2020.08.04"]
[Round "8"]
[White "aljado"]
[Black "j_coca"]
[Result "1/2-1/2"]
[WhiteElo "2134"]
[BlackElo "2300"]
[TimeControl "180+1"]
[EndTime "15:15:47 PDT"]
[Termination "Game drawn - insufficient material"]

1. e4 Nf6 2. e5 Nd5 3. d4 d6 4. exd6 cxd6 5. c4 Nb6 6. Nc3 g6 7. Nf3 Bg7 8. Be3 Bg4 9. Be2 Nc6 10.
h3 Bxf3 11. Bxf3 O-O 12. b3 Rc8 13. O-O e5 14. d5 Ne7 15. Rc1 f5 16. Bg5 h6 17.
Bxe7 Qxe7 18. Be2 e4 19. Nb5 a6 20. Nd4 Bxd4 21. Qxd4 Nd7 22. b4 Qe5 23. Rfd1 b6 24.
Qd2 g5 25. c5 bxc5 26. Bxa6 Rb8 27. bxc5 Nxc5 28. Bc4 Rb2 29. Rc2 Rfb8 30. Rxb2 Rxb2 31.
Qa5 e3 32. Qd8+ Kg7 33. fxe3 Qxe3+ 34. Kh1 Qg3 35. Qe7+ Kg6 36. Qe8+ Kf6 37. Bf1 Ne4 38. Qh8+ Kg6 39. Qxb2 Nf2+ 40. Kg1 Nxd1 41. Qe2 Qe3+ 42.
Qxe3 Nxe3 43. a4 Nxd5 44. a5 Nc7 45. a6 Kf6 46. a7 Ke5 47. Ba6 Kf4 48. Bb7 d5 49.
Bxd5 Kg3 50. a8=Q Nxa8 51. Bxa8 h5 52. Bc6 g4 53. hxg4 hxg4 54. Bd7 f4 55. Bc6 f3 56.
gxf3 gxf3 57. Bxf3 1/2-1/2

[Event "*** SCC Grand Prix: Titled Tuesday Blitz"]
[Site "Chess.com"]
[Date "2020.08.04"]
[Round "8"]
[White "Euge_chess"]
[Black "CookiesAndIceCream"]
[Result "1-0"]
[WhiteElo "2066"]
[BlackElo "2376"]
[TimeControl "180+1"]
[EndTime "15:15:47 PDT"]
[Termination "Euge_chess won by resignation"]

1. e4 e6 2. d4 d5 3. exd5 exd5 4. c4 Nf6 5. Nf3 Bb4+ 6. Nc3 O-O 7. Be2 Bg4 8. O-O dxc4 9. Be3 Nc6 10. Bxc4 Re8 11.
Qb3 Qd7 12. Ng5 Bh5 13. d5 Qf5 14. dxc6 Rxe3 15. Nxf7 Bxf7 16. Bxf7+ Kf8 17. fxe3 Qc5 18. Nd5 Ne4 19. Nxb4 1-0

[Event "*** SCC Grand Prix: Titled Tuesday Blitz"]
[Site "Chess.com"]
[Date "2020.08.04"]
[Round "8"]
[White "IMHansNiemann"]
[Black "hansen"]
[Result "1-0"]
[WhiteElo "2921"]
[BlackElo "3004"]
[TimeControl "180+1"]
[EndTime "15:15:49 PDT"]
[Termination "IMHansNiemann won by resignation"]

1. d4 d5 2. c4 e6 3. Nf3 Nf6 4. g3 dxc4 5. Qa4+ Bd7 6. Qxc4 Bc6 7. Bg2 Nbd7 8. O-O Be7 9. Nc3 O-O 10. Rd1 a6 11. Bf4 Rc8 12. Rac1 Nd5 13. Ne5 Nxe5 14. dxe5 Qe8 15. Nxd5 exd5 16. Bxd5 Bxd5 17. Qxd5 c6 18. Qb3 b5 19. e6 c5 20. Qd5 Bf6 21. exf7+ Rxf7 22. Rxc5 Rxc5 23. Qxc5 Qxe2 24. Rd2 Qe1+ 25.
Kg2 h6 26. b3 Qe6 27. Qd5 Qxd5+ 28. Rxd5 Re7 29. Be3 Re6 30. Kf3 Kf7 31. Rd7+ Ke8 32. Ra7 h5 33. h3 g6 34. g4 hxg4+ 35. hxg4 Be7 36. Bd4 Rd6 37. Rxe7+ Kxe7 38. Bc5 Ke6 39. Bxd6 Kxd6 40. Kf4 1-0

[Event "*** SCC Grand Prix: Titled Tuesday Blitz"]
[Site "Chess.com"]
[Date "2020.08.04"]
[Round "8"]
[White "Mbneu"]
[Black "Grandmaster2B"]
[Result "0-1"]
[WhiteElo "2251"]
[BlackElo "2389"]
[TimeControl "180+1"]
[EndTime "15:15:51 PDT"]
[Termination "Grandmaster2B won by resignation"]

1. d4 Nf6 2. c4 e6 3. Nc3 Bb4 4. Bg5 h6 5. Bh4 c5 6. d5 b5 7. e3 O-O 8. Nf3 g5 9. Bg3 Ne4 10. Qc2 Qa5 11. Rc1 f5 12. Bd3 Nxc3 13. bxc3 Ba3 14.
Rb1 bxc4 15. Bxc4 Ba6 16. Bxa6 Nxa6 17. O-O c4 18. Rfd1 Nc5 19. Bd6 Nd3 20. Bxf8 Bxf8 21. Ne1 Nxe1 22. Rxe1 Qxd5 23. Red1 Qc6 24. e4 fxe4 25.
h4 gxh4 26. Qe2 d5 27. Qg4+ Bg7 28. Qxh4 Bxc3 29. Qxh6 Bg7 30. Qh3 c3 31. Rbc1 d4 32. Re1 d3 33. Qg3 d2 0-1

[Event "*** SCC Grand Prix: Titled Tuesday Blitz"]
[Site "Chess.com"]
[Date "2020.08.04"]
[Round "8"]
[White "anpospan"]
[Black "DariaVoit"]
[Result "1-0"]
[WhiteElo "2356"]
[BlackElo "2525"]
[TimeControl "180+1"]
[EndTime "15:15:52 PDT"]
[Termination "anpospan won by resignation"]

1. d4 Nf6 2. c4 e6 3. Nc3 Bb4 4. a3 Bxc3+ 5. bxc3 b6 6. f3 Nc6 7. e4 d6 8. Bd3 Na5 9. f4 Ba6 10.
Qe2 Qd7 11. e5 Ng8 12. Nf3 Ne7 13. O-O Qa4 14. exd6 cxd6 15. f5 Bxc4 16. fxe6 fxe6 17. Ng5 Kd7 18. Rf7 h6 19. Nxe6 Bxd3 20. Nc5+ bxc5 21. Qxe7+ Kc6 22. Qd7+ Kb6 23. Qxa4 Bb5 24. dxc5+ dxc5 25. Qf4 Rad8 26. Be3 1-0

[Event "*** SCC Grand Prix: Titled Tuesday Blitz"]
[Site "Chess.com"]
[Date "2020.08.04"]
[Round "8"]
[White "mapleaff"]
[Black "bazar-wokzal"]
[Result "0-1"]
[WhiteElo "2393"]
[BlackElo "2479"]
[TimeControl "180+1"]
[EndTime "15:15:56 PDT"]
[Termination "bazar-wokzal won by checkmate"]

1. d4 Nf6 2. c4 Nc6 3. Nf3 e6 4. g3 Bb4+ 5. Bd2 a5 6. Bg2 d6 7. O-O e5 8. d5 Nb8 9. Nc3 O-O 10. Bg5 Bxc3 11. bxc3 h6 12. Bc1 Na6 13. Ba3 Bf5 14. c5 Re8 15. cxd6 cxd6 16. Nd2 Rc8 17. Rc1 Nc5 18. Nb3 Nfd7 19. Nxc5 Nxc5 20. f3 e4 21. Qd4 exf3 22. exf3 Re2 23. Rf2 Rxf2 24. Qxf2 Nd3 25. Qc2 Qb6+ 26. Kf1 Rxc3 27. Rb1 Qe3 28. Bc1 Qe1# 0-1

[Event "*** SCC Grand Prix: Titled Tuesday Blitz"]
[Site "Chess.com"]
[Date "2020.08.04"]
[Round "8"]
[White "Kavyev_Ruslan"]
[Black "PawnEatingZombie"]
[Result "1-0"]
[WhiteElo "2392"]
[BlackElo "2235"]
[TimeControl "180+1"]
[EndTime "15:16:03 PDT"]
[Termination "Kavyev_Ruslan won on time"]

1. d4 d5 2. c4 e6 3. g3 dxc4 4. Nf3 b5 5. Bg2 Bb7 6. O-O Nd7 7. Nc3 a6 8. a4 c6 9. Ne5 Qc8 10. Ne4 Ngf6 11. Nxd7 Qxd7 12. Nc5 Qc7 13. Bf4 Qb6 14. b3 cxb3 15. Qxb3 Bxc5 16. dxc5 Qxc5 17. Rfc1 Qb6 18. Bd6 Nd7 19. Qc3 f6 20. a5 Qa7 21. Bxc6 Bxc6 22. Qxc6 Kf7 23. Bc7 Nf8 24. Bb6 Qb8 25. Rd1 h5 26. Rac1 1-0

[Event "*** SCC Grand Prix: Titled Tuesday Blitz"]
[Site "Chess.com"]
[Date "2020.08.04"]
[Round "8"]
[White "Zubrrr"]
[Black "BogdanDeac"]
[Result "0-1"]
[WhiteElo "2641"]
[BlackElo "2776"]
[TimeControl "180+1"]
[EndTime "15:16:07 PDT"]
[Termination "BogdanDeac won by checkmate"]

1. c4 e6 2. g3 d5 3. Bg2 Nf6 4. Nf3 Be7 5. O-O O-O 6. b3 d4 7. e3 c5 8. exd4 cxd4 9. Re1 Nc6 10. Bb2 Re8 11. a3 a5 12. d3 Bf8 13. Ne5 Qd6 14. f4 Nd7 15. Nxd7 Bxd7 16. Nd2 e5 17. fxe5 Rxe5 18. Rxe5 Qxe5 19. Ne4 f5 20. Nf2 Re8 21. Bd5+ Kh8 22. Qf3 Qe3 23. Kg2 Qd2 24. Bc1 Qc3 25.
Rb1 Qc2 26. Ra1 Re1 27. Bb2 Re2 28. Bc1 Ne5 29. Qf4 Nxd3 30. Qb8 Rxf2+ 31. Kg1 Rf1+ 32.
Kxf1 Qf2# 0-1

[Event "*** SCC Grand Prix: Titled Tuesday Blitz"]
[Site "Chess.com"]
[Date "2020.08.04"]
[Round "8"]
[White "Stormeman100100"]
[Black "ellatambien"]
[Result "0-1"]
[WhiteElo "2432"]
[BlackElo "2354"]
[TimeControl "180+1"]
[EndTime "15:16:16 PDT"]
[Termination "ellatambien won by resignation"]

1. Nf3 Nf6 2. b3 d6 3. d4 c5 4.
d5 g6 5. Bb2 Bg7 6. c4 O-O 7.
g3 e6 8. Bg2 exd5 9. cxd5 Nxd5 10. Bxg7 Kxg7 11. Qxd5 Qf6 12. O-O Qxa1 13. Qxd6 Nc6 14.
Qxc5 Qxa2 15. Nbd2 Qb2 16. Rb1 Qf6 17. Ne4 Qe7 18.
Qc3+ f6 19. Nd4 Nxd4 20. Qxd4 Bf5 21. Ra1 Bxe4 22. Bxe4 Rad8 23. Qe3 b6 24. b4 Rfe8 25. f3 Qxb4 26. Rxa7+ Re7 27. Rxe7+ Qxe7 28. Qxb6 f5 29.
Bd3 Qd6 30. Qxd6 Rxd6 31. h4 Kf6 32. Kf2 Ke5 33. Ke3 Rb6 34. g4 f4+ 35. Kf2 h6 36. g5 hxg5 37. hxg5 Kd4 38. Kg2 Ke3 39. Kh3 Rd6 40.
Kg4 Re6 41. Bc4 Rd6 42. Bd3 Rb6 43. Bc4 Rb1 44. Bd3 Rg1+ 45. Kh3 Rxg5 46. Kh4 Rg2 47.
Kh3 Rxe2 48. Bxg6 Kxf3 49. Bh5+ Kf2 50. Bxe2 Kxe2 51. Kg4 f3 52. Kg3 f2 53. Kg4 f1=Q 54.
Kg5 Qf3 55. Kg6 Qf4 56. Kh5 Qg3 57. Kh6 Ke3 0-1

[Event "*** SCC Grand Prix: Titled Tuesday Blitz"]
[Site "Chess.com"]
[Date "2020.08.04"]
[Round "8"]
[White "ClydeHillKid"]
[Black "cukin84"]
[Result "1-0"]
[WhiteElo "2311"]
[BlackElo "2170"]
[TimeControl "180+1"]
[EndTime "15:16:17 PDT"]
[Termination "ClydeHillKid won by resignation"]

1. e4 c6 2. d3 d5 3. Nd2 e5 4. Ngf3 Bd6 5. g3 Nf6 6. Bg2 O-O 7. O-O Bg4 8. Re1 d4 9. c3 c5 10.
h3 Bxf3 11. Nxf3 Nc6 12. Bd2 Rb8 13. a3 b5 14. cxd4 c4 15. d5 Nd4 16. Nxd4 exd4 17. e5 Bc5 18. exf6 Qxf6 19. Qf3 Qg6 20. Qe4 Qb6 21.
Bb4 a5 22. Bxc5 Qxc5 23. Rac1 g6 24. dxc4 bxc4 25. Red1 d3 26. Rxc4 Qa7 27. Qxd3 Rxb2 28. Rc2 Rfb8 29. d6 R8b3 30. Rc8+ Kg7 31. Qd4+ Qxd4 32. Rxd4 1-0

[Event "*** SCC Grand Prix: Titled Tuesday Blitz"]
[Site "Chess.com"]
[Date "2020.08.04"]
[Round "8"]
[White "Justinz"]
[Black "Chesswizard_2007"]
[Result "0-1"]
[WhiteElo "2351"]
[BlackElo "2501"]
[TimeControl "180+1"]
[EndTime "15:16:18 PDT"]
[Termination "Chesswizard_2007 won by resignation"]

1. e4 Nc6 2. d4 d5 3. Nc3 dxe4 4. d5 Ne5 5. Bg5 Nf6 6. Qd4 Ng6 7. O-O-O h6 8. Bxf6 exf6 9. Nxe4 Be7 10. Nf3 O-O 11. Bc4 Bd6 12. h4 Ne5 13. Nxe5 fxe5 14. Qe3 f5 15. Nxd6 cxd6 16. h5 Bd7 17. Kb1 b5 18. Bd3 Qb6 19. Qh3 a5 20. f3 a4 21. g4 a3 22. Bxf5 Bxf5 23. gxf5 axb2 24. Rd3 b4 25. Qg4 Qa6 26. a3 bxa3 27. Ka2 Qc8 28.
Rg1 Ra7 29. Qg6 Qxc2 0-1